 Dungeon Crawl Stone Soup version 0.19-a0-1091-g463c9de (webtiles) character file.

192541 Gorice the Warrior (level 17, -1/157 HPs)
             Began as a Demonspawn Monk on Aug 6, 2016.
             Was the Champion of Hepliaklqana.
             Slain by a spriggan druid
             ... wielding a +0 quarterstaff
              (4 damage)
             ... on level 4 of the Swamp on Aug 7, 2016.
             The game lasted 03:28:24 (38814 turns).

Gorice the Warrior (Demonspawn Monk)               Turns: 38814, Time: 03:28:25

Health: -1/157     AC: 17    Str: 17    XL:     17   Next: 61%
Magic:  26/26      EV: 27    Int: 14    God:    Hepliaklqana [******]
Gold:   1144       SH:  0    Dex: 15    Spells: 1 memorised, 15 levels left

rFire  . . .     SeeInvis .     a - +8 whip "Snakebite" {curare, rPois}
rCold  . . .     Gourm    .     k - +3 ring mail
rNeg   . . .     Faith    .     (no shield)
rPois  +         Spirit   .     (helmet unavailable)
rElec  .         Dismiss  .     Q - +2 cloak
rCorr  .         Reflect  .     (gloves unavailable)
SustAt .         Harm     .     (boots unavailable)
MR     +....                    N - amulet of Vitality {Regen+ HP+15}
Stlth  +++++.....               g - +3 ring of protection
                                w - ring of Shaolin {EV+8}

@:
A: claws 3, horns 3, talons 3, nightstalker 2, spiny 1
a: Recall Ancestor, Ancestor Identity, Transference, Idealise, Renounce Religion
}: 1/15 runes: gossamer


You were on level 4 of the Swamp.
You worshipped Hepliaklqana.
Hepliaklqana was exalted by your worship.
You were not hungry.

You visited 6 branches of the dungeon, and saw 32 of its levels.

You collected 3264 gold pieces.
You spent 2120 gold pieces at shops.

Inventory:

Hand Weapons
 a - the +8 whip "Snakebite" (weapon) {curare, rPois}
   (You found it on level 3 of the Spider Nest)

   It poisons the flesh of those it strikes.
   It protects you from poison.
 b - the +9 dire flail "Gayp" {freeze, rElec rF- Dex+4}
   (You found it on level 6 of the Lair of Beasts)

   It has been specially enchanted to freeze those struck by it, causing extra
   injury to most foes and up to half again as much damage against particularly
   susceptible opponents.
   It can also slow down cold-blooded creatures.
   It affects your dexterity (+4).
   It makes you vulnerable to fire.
   It insulates you from electricity.
 e - a +2 whip of electrocution
   (You took it off Pikel on level 5 of the Dungeon)
Missiles
 A - 20 tomahawks (quivered)
 O - a javelin
 Y - 4 throwing nets
Armour
 k - a +3 ring mail (worn)
 Q - a +2 cloak (worn)
Jewellery
 g - a +3 ring of protection (right claw)
 w - the ring of Shaolin (left claw) {EV+8}
   (You bought it in a shop on level 1 of the Orcish Mines)

   [ring of evasion]

   It affects your evasion (+8).
 H - an uncursed ring of sustain attributes
 M - an uncursed ring of protection from fire
 N - the amulet of Vitality (around neck) {Regen+ HP+15}
   (You found it on level 2 of the Swamp)

   [amulet of regeneration]

   It affects your health (+15).
   It increases your rate of regeneration.
 R - an uncursed ring of resist corrosion
Wands
 l - a wand of lightning (7/15)
 m - a wand of iceblast (7/15)
 o - a wand of disintegration (8/24)
 p - a wand of paralysis (14/24)
 x - a wand of confusion (8/48)
 D - a wand of acid (8/15)
 T - a wand of paralysis (7/24)
Scrolls
 d - 11 scrolls of identify
 i - 3 scrolls of fog
 j - 8 scrolls of teleportation {!r}
 n - a scroll of summoning {!r}
 y - 9 scrolls of remove curse
 J - 4 scrolls of magic mapping {!r}
 P - 3 scrolls of silence {!r}
Potions
 h - a potion of magic {!q}
 r - 6 potions of heal wounds {!q}
 u - 6 potions of might {!q}
 z - 8 potions of curing
 C - 6 potions of ambrosia
 E - 4 potions of haste {!q}
 G - a potion of resistance {!q}
 W - a potion of cancellation {!q}
Miscellaneous
 c - a fan of gales
 F - a phial of floods
Comestibles
 f - 20 meat rations {!e}
 s - 20 fruits


   Skills:
 - Level 15.0 Fighting
 - Level 14.0 Maces & Flails
 - Level 14.0 Armour
 + Level 12.2 Dodging
 - Level 6.0 Stealth
 - Level 8.0 Invocations
 - Level 12.0 Evocations


You had 15 spell levels left.
You knew the following spells:

 Your Spells              Type           Power        Failure   Level  Hunger
a - Animate Skeleton      Necr           N/A          43%         1    ##.....


Dungeon Overview and Level Annotations

Branches:
Dungeon (15/15)            Temple (1/1) D:4            Lair (6/6) D:9
  Swamp (4/4) Lair:2       Spider (4/4) Lair:4        Slime (0/5) Lair:5
    Orc (2/2) D:10            Elf (0/3) Orc:2        Vaults (0/5) D:13
 Depths (0/5) D:15

Altars:
Ashenzari
Cheibriados
Dithmenos
Elyvilon
Fedhas
Gozag
Hepliaklqana
Kikubaaqudgha
Makhleb
Nemelex Xobeh
Okawaru
Pakellas
Qazlal
Ru
Sif Muna
Trog
Uskayaw
Vehumet
Xom
Yredelemnul
Zin
The Shining One

Shops:
D:10 }   D:12 }   D:13 =   D:14 !   Orc:1 =   Orc:2 *%(}(%!(

Portals:
Trove: D:13 (give 5 potions of resistance)

Annotations:
Swamp:3 exclusion: 2 oklob plants
Orc:2 ReniFell's ghost, journeyman MiBe


Innate Abilities, Weirdness & Mutations

You have claws for hands.
You have a pair of large horns on your head.
You have claws for feet.
You are significantly more attuned to the shadows.
You are partially covered in sharp spines.


Message History

Damage: 14 (max 40) Unknown command.
Evoke which item? (* to show all) (? for menu, Esc to quit)
Zapping:
T - a wand of paralysis {zapped: 8} (will waste charges)
Press: ? - help, Shift-Dir - straight line, f - spriggan druid
Aim: a spriggan druid, wielding a quarterstaff and wearing a robe (moderately wounded, chance to defeat MR: 9%)
Okay, then.
Unknown command.
You miss the spriggan druid. Your kick misses the spriggan druid.
The spriggan druid is moderately wounded.
Trunks creak and shift.
You are hit by a branch!
* * * LOW HITPOINT WARNING * * *
The spriggan druid hits you with a quarterstaff.
* * * LOW HITPOINT WARNING * * *
The spriggan rider closely misses you.
Damage: 11 (max 40) Unknown command.
Unknown command.
You barely miss the spriggan druid.
Your headbutt misses the spriggan druid.
The spriggan druid is moderately wounded.
Unknown command.
You miss the spriggan druid. Your kick misses the spriggan druid.
The spriggan druid is moderately wounded.
The trees move their gnarly branches around.
You are hit by a branch!
* * * LOW HITPOINT WARNING * * *
The spriggan druid hits you with a quarterstaff.
* * * LOW HITPOINT WARNING * * *
The spriggan rider hits you from afar with a spear!
* * * LOW HITPOINT WARNING * * *
Damage: 28 (max 40) Unknown command.
Unknown command.
Unknown command.
Unknown command.
Unknown command.
Unknown command.
Unknown command.
Unknown command.
Unknown command.
Unknown command.
Really quaff
r - 7 potions of heal wounds {!q}?
You feel much better. A tree reaches out and hits you!
* * * LOW HITPOINT WARNING * * *
The spriggan rider hits you from afar with a spear!
* * * LOW HITPOINT WARNING * * *
The spriggan druid hits you with a quarterstaff.
You die...

♣..≈..≈≈ ♣≈≈≈...
≈≈§♣♣≈≈≈≈≈ ≈D ≈§..≈.
≈≈≈..≈≈... .≈≈ ≈....♣♣
♣≈≈≈.≈≈≈.♣ ♣.≈. ≈.≈≈≈.♣
♣≈≈.≈≈≈@♣♣♣♣≈.≈≈ ≈..≈≈≈♣♣
♣≈≈.≈≈i≈♣≈≈.i≈≈
§......♣♣♣♣♣≈..≈≈i♣$..≈≈≈
.....≈...♣..≈.≈♣♣♣n≈i≈≈≈≈
≈≈≈.≈≈≈≈≈..≈≈≈≈♣♣≈§≈≈≈≈≈≈
≈≈≈≈≈≈≈≈≈≈≈≈≈≈.♣♣.≈≈≈≈§≈≈
..♣.≈≈≈≈≈≈...♣♣≈≈≈.≈≈≈..≈
..♣♣♣≈.♣♣.≈≈<≈♣.≈≈≈.≈....
..♣♣♣..≈♣♣PPP..≈..≈♣♣♣≈≈


You could see a spriggan rider, a spriggan druid and a bog body.

Vanquished Creatures
  3 thorn hunters
  Donald (Swamp:1)
  5 emperor scorpions
  2 ghost moths
  A stone giant (Orc:2)
  2 entropy weavers
  A dire elephant (Lair:6)
  Azrael (D:12)
  Snorg (D:10)
  A fire dragon (D:15)
  13 hydras
  An ice dragon (D:15)
  Erica (D:9)
  A merfolk avatar (Lair:6)
  5 centaur warriors
  A dancing weapon (D:13)
  A death knight (D:11)
  3 ogre magi
  5 alligators
  A queen ant (Lair:5)
  A tengu warrior (D:13)
  Sonja (Lair:2)
  A skeletal warrior (D:11)
  A deep troll (Orc:2)
  A shambling mangrove (Swamp:3)
  2 harpies (Lair:6)
  5 hill giants
  A deep elf mage (Orc:2)
  6 orb spiders
  3 hornets
  4 ugly things
  12 wolf spiders
  A manticore (D:15)
  5 cyclopes
  2 guardian serpents
  2 moths of wrath
  Maurice (D:8)
  12 elephants
  2 black mambas
  A torpor snail (Lair:2)
  A gargoyle (D:10)
  6 spiny frogs
  3 rime drakes
  3 komodo dragons
  6 demonic crawlers
  A yaktaur (shapeshifter) (D:15)
  10 trolls
  4 meliai
  4 polar bears
  14 jumping spiders
  A queen bee (D:11)
  A giant leech (Swamp:2)
  8 two-headed ogres
  3 wind drakes (Lair:6)
  7 blink frogs
  13 slime creatures
  3 bog bodies
  A boulder beetle (Lair:5)
  22 redbacks
  A spriggan (Lair:3)
  A spriggan (shapeshifter) (D:14)
  A shadow (D:12)
  24 tarantellas
  2 wyverns
  28 yaks
  4 fire elementals (D:12)
  A hungry ghost (D:9)
  2 wraiths (D:14)
  4 hippogriffs
  A steam dragon (D:8)
  2 insubstantial wisps (Swamp:3)
  10 swamp worms
  12 vampire mosquitoes
  13 soldier ants (Lair:6)
  3 hell hounds (D:12)
  13 water moccasins
  8 porcupines
  6 orc warriors
  7 swamp drakes
  2 black bears
  2 ice beasts
  3 sky beasts
  A necrophage (D:9)
  An eye of draining (D:13)
  3 wasps
  3 phantoms
  7 wolves
  28 ogres
  27 centaurs
  6 crocodiles
  9 big kobolds
  18 giant frogs
  5 scorpions
  11 killer bees
  7 wights (D:12)
  5 howler monkeys
  2 electric eels
  5 crimson imps
  A quasit (D:11)
  A wasp zombie (D:12)
  A centaur zombie (D:6)
  6 jellies
  7 orc priests
  A gnoll shaman (D:6)
  2 hounds
  9 orc wizards
  A giant frog skeleton (D:9)
  3 centaur skeletons
  25 worker ants
  7 iguanas
  13 sheep
  A hound skeleton (D:7)
  A howler monkey zombie (D:6)
  A worker ant zombie (D:11)
  6 gnolls
  8 adders
  33 river rats
  5 shadow imps
  An ooze (D:1)
  An adder skeleton (D:7)
  An adder zombie (D:9)
  3 worms (D:2)
  5 dart slugs
  8 giant geckos
  37 orcs
  4 ball pythons
  6 giant cockroaches
  6 hobgoblins
  9 jackals
  7 quokkas
  9 bats
  4 giant newts
  4 goblins
  33 kobolds
  7 rats
  3 briar patches
  A plant (Lair:3)
794 creatures vanquished.

Vanquished Creatures (collateral kills)
  Gastronok (Lair:2)
  5 thorn hunters
  Frances (D:13)
  3 ghost moths
  2 emperor scorpions
  A spark wasp (Spider:4)
  Josephine (D:14)
  3 hydras
  A ghost crab (Swamp:3)
  A dancing weapon (D:13)
  5 alligators
  A skeletal warrior (D:11)
  3 spriggans
  A deep troll (Orc:2)
  A swamp dragon (Swamp:2)
  A shambling mangrove (Swamp:3)
  3 hill giants
  Pikel (D:5)
  2 deep elf magi
  4 hornets
  2 griffons (Lair:6)
  3 ugly things (D:15)
  5 orb spiders
  5 wolf spiders
  5 elephants
  A cyclops (D:13)
  2 black mambas (Lair:2)
  A torpor snail (Spider:2)
  2 gargoyles
  2 komodo dragons
  7 spiny frogs
  A freezing wraith (D:11)
  A rime drake (Lair:6)
  A yaktaur (D:15)
  4 demonic crawlers
  3 trolls
  2 meliai (D:14)
  3 jumping spiders
  3 polar bears
  2 two-headed ogres
  5 blink frogs
  A bog body (Swamp:3)
  8 slime creatures
  5 wyverns
  2 vampires
  13 redbacks
  9 tarantellas
  Sigmund (D:5)
  6 yaks
  3 wraiths (D:14)
  2 hippogriffs
  2 vampire mosquitoes (Swamp:3)
  2 insubstantial wisps (Swamp:3)
  2 soldier ants (Lair:6)
  Duvessa (D:7)
  5 swamp worms
  6 water moccasins
  A hell hound (D:12)
  2 orc warriors
  2 swamp drakes
  2 slaves (D:5)
  8 wasps
  5 ice beasts
  A phantom (D:9)
  8 ogres
  2 wolves (Lair:4)
  2 centaurs
  3 big kobolds
  6 crocodiles
  7 giant frogs
  A wyvern zombie (D:10)
  2 scorpions
  Dowan (D:7)
  A water moccasin skeleton (D:9)
  5 killer bees
  A wight (D:12)
  A howler monkey (D:6)
  2 electric eels
  A crimson imp (D:6)
  A hound (D:14)
  2 centaur zombies
  A jelly (Lair:5)
  An orc priest (Orc:2)
  A centaur skeleton (D:4)
  5 orc wizards
  7 iguanas
  7 worker ants
  2 sheep (Lair:4)
  4 gnolls
  4 adders
  13 river rats
  A shadow imp (D:9)
  An adder skeleton (D:7)
  A worm (D:5)
  2 giant geckos
  26 orcs
  A bat (D:3)
  3 giant cockroaches
  2 hobgoblins (D:3)
  2 jackals
  3 quokkas
  A giant newt (D:5)
  7 kobolds
  2 briar patches
  A plant (Lair:6)
334 creatures vanquished.

Vanquished Creatures (others)
  An ancestor (D:2)
  21 battlemagi
  18 fungi
  14 plants
54 creatures vanquished.

Grand Total: 1182 creatures vanquished

Notes
Turn   | Place    | Note
-------+----------+-------------------------------------------
     0 | D:1      | Gorice the Demonspawn Monk began the quest for the Orb.
     0 | D:1      | Reached XP level 1. HP: 18/18 MP: 1/1
    73 | D:1      | Reached skill level 3 in Maces & Flails
   145 | D:1      | Gained mutation: You have a pair of small horns on your head. [demonic ancestry]
   145 | D:1      | Reached XP level 2. HP: 21/24 MP: 2/2
   473 | D:1      | Gained mutation: You have sharp toenails. [demonic ancestry]
   473 | D:1      | Reached XP level 3. HP: 28/29 MP: 3/3
   781 | D:2      | Reached skill level 4 in Maces & Flails
  1000 | D:1      | HP: 7/29 [gnoll/flail (8)]
  1018 | D:1      | HP: 7/29 [gnoll/flail (1)]
  1298 | D:2      | Gained mutation: You have a pair of horns on your head. [demonic ancestry]
  1298 | D:2      | Reached XP level 4. HP: 32/35 MP: 4/4
  1327 | D:2      | Found a deep blue altar of Sif Muna.
  1369 | D:2      | Found a faded altar of an unknown god.
  1379 | D:2      | Became a worshipper of Hepliaklqana
  1379 | D:2      | Reached * piety under Hepliaklqana
  1379 | D:2      | Reached ** piety under Hepliaklqana
  1379 | D:2      | Remembered your ancestor Izel as a battlemage
  1664 | D:2      | Reached skill level 5 in Maces & Flails
  1789 | D:2      | Reached *** piety under Hepliaklqana
  2248 | D:3      | Gained mutation: You have sharp fingernails. [demonic ancestry]
  2248 | D:3      | Reached XP level 5. HP: 41/41 MP: 3/5
  3012 | D:4      | Noticed an ogre
  3020 | D:4      | Killed an ogre
  3020 | D:4      | Reached skill level 6 in Maces & Flails
  3020 | D:4      | Reached XP level 6. HP: 47/47 MP: 6/6
  3398 | D:4      | Reached **** piety under Hepliaklqana
  3442 | D:4      | Found a radiant altar of Vehumet.
  3444 | D:4      | Found a sparkling altar of Nemelex Xobeh.
  3446 | D:4      | Found a snail-covered altar of Cheibriados.
  3491 | D:4      | Reached skill level 7 in Maces & Flails
  3496 | D:4      | Found a staircase to the Ecumenical Temple.
  3508 | Temple   | Entered the Ecumenical Temple
  3800 | D:4      | Reached XP level 7. HP: 52/52 MP: 7/7
  4098 | D:4      | Reached skill level 8 in Maces & Flails
  4311 | D:5      | Entered Level 5 of the Dungeon
  4437 | D:5      | Reached skill level 9 in Maces & Flails
  4437 | D:5      | Reached XP level 8. HP: 34/58 MP: 8/8
  4627 | D:5      | Noticed Pikel
  4640 | D:5      | Killed Pikel
  4703 | D:5      | Reached skill level 10 in Maces & Flails
  5028 | D:5      | Noticed Sigmund
  5069 | D:5      | Killed Sigmund
  5610 | D:6      | Reached ***** piety under Hepliaklqana
  5617 | D:6      | Reached skill level 11 in Maces & Flails
  5617 | D:6      | Gained mutation: You have very sharp fingernails. [demonic ancestry]
  5617 | D:6      | Reached XP level 9. HP: 56/63 MP: 9/9
  6100 | D:7      | Noticed Dowan
  6101 | D:7      | Noticed Duvessa
  6119 | D:7      | Killed Dowan
  6126 | D:7      | Killed Duvessa
  6236 | D:7      | Reached skill level 12 in Maces & Flails
  6305 | D:7      | Reached skill level 1 in Armour
  6529 | D:7      | Reached skill level 4 in Fighting
  6529 | D:7      | Reached skill level 2 in Armour
  6655 | D:7      | You fall through a shaft for 2 floors!
  6666 | D:9      | Found a staircase to the Lair.
  6777 | D:9      | Reached skill level 3 in Armour
  6963 | D:8      | Noticed a cyclops
  7015 | D:8      | Killed a cyclops
  7015 | D:8      | Reached skill level 5 in Fighting
  7015 | D:8      | Gained mutation: You are slightly more attuned to the shadows. [demonic ancestry]
  7015 | D:8      | Reached XP level 10. HP: 56/74 MP: 10/10
  7161 | D:7      | Found a bloodstained altar of Trog.
  7302 | D:7      | Reached skill level 4 in Armour
  7754 | D:8      | Reached skill level 6 in Fighting
  7955 | D:8      | Noticed Maurice
  8046 | D:8      | Killed Maurice
  8046 | D:8      | Reached skill level 5 in Armour
  8329 | D:9      | Reached skill level 7 in Fighting
  8738 | D:9      | Reached skill level 6 in Armour
  8819 | D:9      | You fall through a shaft!
  8819 | D:10     | Entered Level 10 of the Dungeon
  8819 | D:10     | Noticed a gargoyle
  8946 | D:9      | Noticed Erica
  8968 | D:9      | Killed Erica
  8968 | D:9      | Reached skill level 8 in Fighting
  9365 | D:9      | Noticed a three-headed hydra
  9367 | D:9      | Reached skill level 7 in Armour
  9373 | D:9      | Killed a three-headed hydra
  9373 | D:9      | Gained mutation: You have razor-sharp toenails. [demonic ancestry]
  9373 | D:9      | Reached XP level 11. HP: 61/87 MP: 11/11
  9541 | D:9      | Reached skill level 9 in Fighting
  9959 | Lair:1   | Entered Level 1 of the Lair of Beasts
 10096 | Lair:1   | Reached skill level 8 in Armour
 10327 | Lair:1   | Reached ****** piety under Hepliaklqana
 11366 | Lair:2   | Noticed an eight-headed hydra
 11367 | Lair:2   | Noticed an eight-headed hydra
 11440 | Lair:2   | Reached skill level 10 in Fighting
 11658 | Lair:2   | Noticed Sonja
 11665 | Lair:2   | Killed Sonja
 11665 | Lair:2   | Reached skill level 9 in Armour
 12159 | D:10     | Found a staircase to the Orcish Mines.
 12400 | D:10     | Found Litiluh's Gadget Shoppe.
 12400 | D:10     | Noticed a hill giant
 12406 | D:10     | Killed a hill giant
 12467 | D:10     | Noticed Snorg
 12478 | D:10     | Killed Snorg
 12478 | D:10     | Reached skill level 11 in Fighting
 12478 | D:10     | Gained mutation: You are significantly more attuned to the shadows. [demonic ancestry]
 12478 | D:10     | Reached XP level 12. HP: 93/100 MP: 12/12
 12575 | D:10     | Found a basalt altar of Yredelemnul.
 12717 | D:10     | Reached skill level 10 in Armour
 12900 | Lair:2   | Killed an eight-headed hydra
 13069 | Lair:2   | Found a sparkling altar of Nemelex Xobeh.
 13129 | Lair:2   | Reached skill level 3 in Dodging
 13191 | Lair:2   | Noticed Gastronok
 13202 | Lair:2   | Killed Gastronok
 13202 | Lair:2   | Reached skill level 4 in Dodging
 13226 | Lair:2   | Found a staircase to the Swamp.
 13260 | Lair:2   | Reached skill level 12 in Fighting
 13265 | Lair:2   | Killed an eight-headed hydra
 13275 | Lair:2   | Reached skill level 5 in Dodging
 13484 | Lair:2   | Gained mutation: You have a pair of large horns on your head. [potion of beneficial mutation]
 13825 | Lair:3   | Noticed a four-headed hydra
 13845 | Lair:3   | Killed a four-headed hydra
 14017 | Lair:3   | Reached skill level 6 in Dodging
 14648 | Lair:3   | Gained mutation: You are partially covered in sharp spines. [demonic ancestry]
 14648 | Lair:3   | Reached XP level 13. HP: 86/109 MP: 13/13
 14664 | Lair:3   | Reached skill level 13 in Fighting
 15074 | Lair:3   | Reached skill level 7 in Dodging
 15600 | Lair:4   | Found a hole to the Spider Nest.
 16017 | Lair:4   | Reached skill level 8 in Dodging
 16381 | Lair:5   | Found a staircase to the Slime Pits.
 16937 | Lair:5   | Reached skill level 14 in Fighting
 17150 | Lair:5   | Found a burning altar of Makhleb.
 17616 | Lair:6   | Entered Level 6 of the Lair of Beasts
 17631 | Lair:6   | Reached skill level 9 in Dodging
 18577 | Lair:6   | Noticed an entropy weaver
 18594 | Lair:6   | Reached XP level 14. HP: 116/121 MP: 14/14
 18861 | Lair:5   | HP: 36/121 [poisoned by a queen ant]
 18866 | Lair:5   | HP: 29/121 [poisoned by a queen ant]
 18871 | Lair:5   | HP: 25/121 [poisoned by a queen ant]
 18877 | Lair:5   | HP: 21/121 [poisoned by a queen ant]
 18882 | Lair:5   | HP: 20/121 [poisoned by a queen ant]
 18887 | Lair:5   | HP: 19/121 [poisoned by a queen ant]
 18894 | Lair:5   | HP: 19/121 [poisoned by a queen ant]
 18902 | Lair:5   | HP: 20/121 [poisoned by a queen ant]
 19253 | Lair:5   | Killed an entropy weaver
 19477 | Lair:6   | Reached skill level 10 in Dodging
 19514 | Lair:6   | Reached skill level 1 in Invocations
 19539 | Lair:6   | Noticed an entropy weaver
 19588 | Lair:6   | Killed an entropy weaver
 19588 | Lair:6   | Reached skill level 2 in Invocations
 19858 | Lair:6   | Reached skill level 15 in Fighting
 19858 | Lair:6   | Reached skill level 3 in Invocations
 19860 | Lair:6   | Reached skill level 2 in Stealth
 19918 | Lair:6   | Reached skill level 4 in Invocations
 19951 | Lair:6   | Reached skill level 3 in Stealth
 19961 | Lair:6   | HP: 24/123 [drowned by a drowned soul[a merfolk avatar] (14)]
 20294 | Lair:6   | Reached skill level 5 in Invocations
 20551 | Lair:6   | Reached skill level 4 in Stealth
 20572 | Lair:6   | Reached skill level 6 in Invocations
 20624 | Lair:6   | Got a twisted dire flail
 20626 | Lair:6   | Identified the +9 dire flail "Gayp" {freeze, rElec rF- Dex+4} (You found it on level 6 of the Lair of Beasts)
 20814 | Lair:1   | Upgraded the game from 0.19-a0-1079-g88a7474 to 0.19-a0-1091-g463c9de
 21054 | Orc:1    | Entered Level 1 of the Orcish Mines
 21233 | Orc:1    | Found Masole's Jewellery Shoppe.
 21361 | Orc:2    | Entered Level 2 of the Orcish Mines
 21371 | Orc:2    | Found Hahe's Assorted Antiques.
 21547 | Orc:2    | Found Qij Xuas's Antique Weapon Boutique.
 21551 | Orc:2    | Found Gaefani's General Store.
 21577 | Orc:2    | Found a staircase to the Elven Halls.
 21678 | Orc:2    | Noticed ReniFell's ghost (journeyman MiBe)
 21927 | Orc:2    | Found Xituw's Food Shop.
 21968 | Orc:2    | Found Curet's Gadget Shoppe.
 22013 | Orc:2    | Reached skill level 5 in Stealth
 22013 | Orc:2    | Reached skill level 7 in Invocations
 22153 | Orc:2    | Reached skill level 8 in Invocations
 22284 | Orc:2    | HP: 26/123 [ogre mage/bolt of cold (31)]
 22287 | Orc:2    | Reached skill level 6 in Stealth
 22287 | Orc:2    | Reached skill level 1 in Evocations
 22644 | Orc:2    | Noticed a stone giant
 22699 | Orc:2    | Killed a stone giant
 22699 | Orc:2    | Reached skill level 2 in Evocations
 22803 | Orc:2    | Found Uzoonn's Antique Weapon Emporium.
 22815 | Orc:2    | Found Ruoxax's Distillery.
 22834 | Orc:2    | Reached skill level 3 in Evocations
 22837 | Orc:2    | Bought a potion of curing for 36 gold pieces
 22837 | Orc:2    | Bought a potion of curing for 36 gold pieces
 22846 | Orc:2    | Found Duyvuczo's Weapon Shop.
 22993 | Orc:2    | Found Okiof's Food Shoppe.
 23454 | D:11     | Reached skill level 4 in Evocations
 24397 | D:12     | Mutation became permanent: You have a pair of large horns on your head. [demonic ancestry]
 24397 | D:12     | Reached XP level 15. HP: 113/129 MP: 21/21
 24458 | D:12     | Noticed Azrael
 24507 | D:12     | Killed Azrael
 24727 | D:12     | Found Oqathut's Gadget Shoppe.
 24747 | D:12     | Reached skill level 5 in Evocations
 25390 | D:13     | Found Iraul's Jewellery Shoppe.
 25565 | D:12     | Reached skill level 13 in Maces & Flails
 25936 | D:13     | Reached skill level 6 in Evocations
 26067 | D:13     | Noticed Frances
 26082 | D:13     | Killed Frances
 26267 | D:13     | Found a portal to a secret trove of treasure.
 26478 | D:13     | Found a gate to the Vaults.
 26531 | D:13     | Reached skill level 7 in Evocations
 26803 | Orc:1    | Bought the ring of Shaolin {EV+8} for 2048 gold pieces
 27112 | D:14     | Found an opulent altar of Gozag.
 27382 | D:14     | Noticed Josephine
 27389 | D:14     | Killed Josephine
 27611 | D:14     | Reached skill level 8 in Evocations
 27800 | D:14     | Found March's Distillery.
 28156 | D:15     | Entered Level 15 of the Dungeon
 28303 | D:15     | Reached skill level 14 in Maces & Flails
 28912 | D:15     | Found a shadowy altar of Dithmenos.
 28984 | D:15     | Reached skill level 9 in Evocations
 29091 | D:15     | Found a staircase to the Depths.
 29439 | D:15     | Found a blossoming altar of Fedhas.
 29737 | Spider:1 | Entered Level 1 of the Spider Nest
 30152 | Spider:1 | Gained mutation: You have claws for feet. [demonic ancestry]
 30152 | Spider:1 | Reached XP level 16. HP: 128/136 MP: 18/23
 30410 | Spider:1 | Reached skill level 11 in Armour
 30529 | Spider:1 | Reached skill level 10 in Evocations
 32797 | Spider:4 | Entered Level 4 of the Spider Nest
 33072 | Spider:4 | Reached skill level 11 in Evocations
 33541 | Spider:4 | Reached skill level 12 in Armour
 33932 | Spider:4 | Reached skill level 12 in Evocations
 33939 | Spider:4 | Got a gossamer rune of Zot
 34883 | Lair:1   | --WTF: just walked past Snakebite on D3!
 34883 | Lair:1   | --Only found out searching for anything with rPois to do Swamp with!
 35223 | Lair:1   | Learned a level 1 spell: Animate Skeleton
 35244 | Swamp:1  | Entered Level 1 of the Swamp
 35309 | Swamp:1  | Gained mutation: You have claws for hands. [demonic ancestry]
 35309 | Swamp:1  | Reached XP level 17. HP: 134/142 MP: 24/26
 35402 | Swamp:1  | Got a transparent arbalest
 35403 | Swamp:1  | Identified the cursed +0 arbalest of Callousness {speed, -Tele Str+5 Dex+6} (You found it on level 1 of the Swamp)
 35413 | Swamp:1  | Noticed Donald
 35428 | Swamp:1  | Killed Donald
 35428 | Swamp:1  | Reached skill level 13 in Armour
 36151 | Swamp:2  | Reached skill level 11 in Dodging
 36170 | Swamp:2  | HP: 38/142 [thorn hunter (9)]
 36172 | Swamp:2  | HP: 18/142 [thorn hunter/volley of thorns (21)]
 36688 | Swamp:2  | You fall through a shaft!
 36887 | Swamp:2  | You fall through a shaft!
 37521 | Swamp:3  | Found a shattered altar of Ashenzari.
 37649 | Swamp:3  | Got a translucent ring mail
 37656 | Swamp:3  | Identified the cursed +1 ring mail of the Moon Troll {Regen+ Dex+2} (You found it on level 3 of the Swamp)
 38214 | Swamp:3  | Reached skill level 12 in Dodging
 38509 | Swamp:3  | --Damn, now picked up the "of Vitality w/out spotting it!
 38724 | Swamp:4  | Entered Level 4 of the Swamp
 38784 | Swamp:4  | Reached skill level 14 in Armour
 38811 | Swamp:4  | HP: 43/157 [spriggan druid/angry trees (11)]
 38813 | Swamp:4  | HP: 14/157 [spriggan rider/spear (11)]
 38814 | Swamp:4  | HP: 3/157 [spriggan rider/spear (12)]
 38814 | Swamp:4  | Slain by a spriggan druid

Vault maps used:
D:1:      eino_arrival_water_cross
D:2:      led_sif_pool, ecumenical_altar_1
D:3:      wad_woods_tower, first_bread
D:4:      grunt_temple_overflow_open, grunt_ministairs_10
D:5:      serial_co_window_serial, co_window_corner_a, co_window_corner_a,
          co_window_paths_b, co_window_of_opportunity_a, co_window_paths_a,
          co_window_paths_b, co_window_corner_a, co_window_paths_c,
          co_window_broadway_a, co_window_corner_ca, co_window_corner_b,
          co_window_corner_b, co_window_corner_cb, co_window_paths_c,
          glass_columns_b, glass_columns_a, glass_columns_b, glass_columns_a,
          glass_columns_a, uniq_sigmund, uniq_pikel
D:6:      columned_hall_lemuel
D:7:      trog_book, uniq_duvessa
D:8:      uniq_maurice
D:9:      statuecave_lemuel, lair_0_dummy, hangedman_ranch,
          kennysheep_kite_vault, uniq_erica
D:10:     orc_0_dummy, basic_altar, serial_shops, shop, uniq_snorg
D:11:     nicolae_looking_at_the_future
D:12:     serial_shops, shop, uniq_azrael
D:13:     nrook_guardian_serpent_snake_passage, erik_vaults_1, serial_shops,
          nicolae_shop_crystal, enter_trove_6, uniq_frances
D:14:     serial_shops, shop, nicolae_gozag_seed_capital, uniq_josephine
D:15:     grunt_enter_depths_hoard, fedhas_altar_4, basic_altar
Temple:   hc_temple_tempest_star
Lair:1:   gammafunk_lair_bear_cave, grunt_megastairs_1
Lair:2:   minmay_swamp_entry_reptiles, basic_altar, grunt_megastairs_4,
          uniq_gastronok, uniq_sonja
Lair:3:   wad_woods_03, grunt_megastairs_2
Lair:4:   spider_nest_entry_webs
Lair:5:   minmay_slime_entry_pillars, minmay_holes, lemuel_centaur_altar
Lair:6:   gammafunk_lair_ancient_temple, st_stairs_5, minivault_11,
          minmay_another_anthill
Swamp:1:  nicolae_swamp_dense_foliage, uniq_donald
Swamp:2:  hangedman_swamp_ruin_wall, swamp_pool4
Swamp:3:  nicolae_swamp_phyte_club, nicolae_swamp_godswood
Swamp:4:  swamp_old_school, swamp_pool2, uniq_mara
Spider:4: guppyfry_spider_rune
Orc:1:    serial_shops, nicolae_shop_temple_entry_statues_fountains
Orc:2:    st_orc_open, serial_shops, shop, nicolae_shop_waterfront,
          nicolae_shop_behind_doors, shop, shop

Skill      XL: |  1  2  3  4  5  6  7  8  9 10 11 12 13 14 15 16 17 |
---------------+----------------------------------------------------+-----
Maces & Flails | 3 4 5 6 7 9 11 12 14 | 14.0
Armour         | 3 7 9 10 12 14 | 14.0
Fighting       | 5 8 11 12 14 15 | 15.0
Dodging        | 6 9 10 12 | 12.2
Invocations    | 8 |  8.0
Stealth        | 6 |  6.0
Evocations     | 4 9 12 | 12.0

Action                   |  1- 3 |  4- 6 |  7- 9 | 10-12 | 13-15 | 16-18 || total
-------------------------+-------+-------+-------+-------+-------+-------++-------
Melee: Mace              |   131 |    87 |       |       |       |       ||   218
       Headbutt          |    18 |    25 |    39 |   137 |   373 |   166 ||   758
       Kick              |    15 |    34 |    62 |    45 |       |   245 ||   401
       Flail             |       |    26 |    44 |    14 |       |       ||    84
       Whip              |       |       |   180 |   584 |  1510 |   641 ||  2915
       Dire flail        |       |       |       |       |    18 |    51 ||    69
Throw: Stone             |     3 |    13 |       |       |       |       ||    16
       Tomahawk          |       |       |    13 |    16 |    24 |     2 ||    55
       Javelin           |       |       |       |     3 |       |       ||     3
Invok: Recall Ancestor   |       |     1 |     1 |     3 |     9 |     5 ||    19
       Ancestor Life: Ba |       |     1 |       |       |       |       ||     1
       Idealise          |       |       |       |       |     2 |     4 ||     6
Evoke: Wand              |       |       |     3 |     2 |     5 |    18 ||    28
  Use: Scroll            |     3 |     7 |     8 |    13 |     8 |     2 ||    41
       Potion            |       |       |       |     4 |     3 |     2 ||     9
 Stab: Sleeping          |     2 |     1 |     1 |    17 |    43 |    24 ||    88
       Distracted        |       |     1 |     2 |    11 |    16 |    17 ||    47
       Paralysed         |       |       |       |     2 |     3 |       ||     5
       Confused          |       |       |       |       |       |     5 ||     5
  Eat: Chunk             |     1 |     8 |    10 |    25 |    44 |    15 ||   103
       Bread ration      |       |       |       |       |     1 |     1 ||     2
       Fruit             |       |       |       |       |     1 |       ||     1
       Meat ration       |       |       |       |       |       |     2 ||     2
Armor: Robe              |     9 |       |       |       |       |       ||     9
       Ring mail         |    59 |    35 |    42 |   154 |   369 |   154 ||   813
       Skin              |       |       |       |    53 |       |       ||    53
Dodge: Dodged            |   110 |    66 |    72 |   188 |   878 |   638 ||  1952

Table legend:
 A = Turns spent in this place as a percentage of turns spent in the entire game.
 B = Non-inter-level travel turns spent in this place as a percentage of non-inter-level travel turns spent in the entire game.
 C = Inter-level travel turns spent in this place as a percentage of turns spent in this place.
 D = Turns resting spent in this place as a percentage of non-inter-level travel turns spent in this place.
 E = Turns spent auto-exploring this place as a percentage of non-inter-level travel turns spent in this place.
 F = Non-inter-level travel turns spent in this place divided by the number of levels of this place that you've seen.
                   A       B       C       D       E      F
               +-------+-------+-------+-------+-------+----------------------
         Total | 100.0 | 100.0 |   0.6 |   2.4 |   5.9 | 395.2
       Dungeon |  44.0 |  44.0 |   0.6 |   1.9 |   6.8 | 370.8
        Temple |   0.8 |   0.8 |   0.0 |   0.0 |   1.0 |  97.0
          Lair |  26.4 |  26.4 |   0.7 |   2.6 |   4.9 | 555.7
         Swamp |   9.3 |   9.4 |   0.3 |   1.8 |   8.3 | 295.8
   Spider Nest |  12.6 |  12.5 |   0.8 |   3.3 |   5.3 | 396.2
  Orcish Mines |   7.0 |   7.0 |   0.5 |   3.7 |   2.4 | 442.0
               +-------+-------+-------+-------+-------+----------------------

Vault maps used:
D:1:      eino_arrival_water_cross
D:2:      led_sif_pool, ecumenical_altar_1
D:3:      wad_woods_tower, first_bread
D:4:      grunt_temple_overflow_open, grunt_ministairs_10
D:5:      serial_co_window_serial, co_window_corner_a, co_window_corner_a,
          co_window_paths_b, co_window_of_opportunity_a, co_window_paths_a,
          co_window_paths_b, co_window_corner_a, co_window_paths_c,
          co_window_broadway_a, co_window_corner_ca, co_window_corner_b,
          co_window_corner_b, co_window_corner_cb, co_window_paths_c,
          glass_columns_b, glass_columns_a, glass_columns_b, glass_columns_a,
          glass_columns_a, uniq_sigmund, uniq_pikel
D:6:      columned_hall_lemuel
D:7:      trog_book, uniq_duvessa
D:8:      uniq_maurice
D:9:      statuecave_lemuel, lair_0_dummy, hangedman_ranch,
          kennysheep_kite_vault, uniq_erica
D:10:     orc_0_dummy, basic_altar, serial_shops, shop, uniq_snorg
D:11:     nicolae_looking_at_the_future
D:12:     serial_shops, shop, uniq_azrael
D:13:     nrook_guardian_serpent_snake_passage, erik_vaults_1, serial_shops,
          nicolae_shop_crystal, enter_trove_6, uniq_frances
D:14:     serial_shops, shop, nicolae_gozag_seed_capital, uniq_josephine
D:15:     grunt_enter_depths_hoard, fedhas_altar_4, basic_altar
Temple:   hc_temple_tempest_star
Lair:1:   gammafunk_lair_bear_cave, grunt_megastairs_1
Lair:2:   minmay_swamp_entry_reptiles, basic_altar, grunt_megastairs_4,
          uniq_gastronok, uniq_sonja
Lair:3:   wad_woods_03, grunt_megastairs_2
Lair:4:   spider_nest_entry_webs
Lair:5:   minmay_slime_entry_pillars, minmay_holes, lemuel_centaur_altar
Lair:6:   gammafunk_lair_ancient_temple, st_stairs_5, minivault_11,
          minmay_another_anthill
Swamp:1:  nicolae_swamp_dense_foliage, uniq_donald
Swamp:2:  hangedman_swamp_ruin_wall, swamp_pool4
Swamp:3:  nicolae_swamp_phyte_club, nicolae_swamp_godswood
Swamp:4:  swamp_old_school, swamp_pool2, uniq_mara
Spider:4: guppyfry_spider_rune
Orc:1:    serial_shops, nicolae_shop_temple_entry_statues_fountains
Orc:2:    st_orc_open, serial_shops, shop, nicolae_shop_waterfront,
          nicolae_shop_behind_doors, shop, shop
